 Dungeon Crawl Stone Soup version 0.27-a0-1245-g940ed4fa31 (webtiles) character file.

Game seed: 13523805696300335665

32 avis the Chopper (level 3, -6/49 HPs)
             Began as a Hill Orc Monk on June 10, 2021.
             Killed from afar by Natasha (7 damage)
             ... with a magic dart
             ... on level 2 of the Dungeon.
             The game lasted 00:04:06 (1336 turns).

avis the Chopper (Hill Orc Monk)                    Turns: 1336, Time: 00:04:08

Health: -6/49      AC:  3    Str: 14    XL:     3   Next: 25%
Magic:  3/3        EV: 12    Int: 10    God:
Gold:   51         SH:  0    Dex: 13    Spells: 2/2 levels left

rFire    . . .     SeeInvis .   b - +0 dagger (venom)
rCold    . . .     Faith    .   (no shield)
rNeg     . . .     Spirit   .   d - +0 leather armour
rPois    .         Reflect  .   (no helmet)
rElec    .         Harm     .   (no cloak)
rCorr    .         Rampage  .   (no gloves)
Will     .....                  (no boots)
Stlth    ..........             (no amulet)
HPRegen  0.16/turn              (no ring)
MPRegen  0.08/turn              (no ring)

@: berserking, very quick
A: no striking features
a: no special abilities


You were on level 2 of the Dungeon.
You visited 1 branch of the dungeon, and saw 2 of its levels.

You collected 51 gold pieces.

Inventory:

Hand Weapons
 a - a +0 hand axe
 b - a +0 dagger of venom (weapon)
Missiles
 e - 42 stones (quivered)
 h - 49 bolts
Armour
 d - a +0 leather armour (worn)
 f - a +0 robe
Jewellery
 i - a ring of magical power
Potions
 g - a potion of curing {unknown}


   Skills:
 + Level 4.0 Fighting
 * Level 4.9 Axes
 + Level 1.3 Armour
 - Level 2.4 Dodging
 - Level 1.5 Stealth


You had 2 spell levels left.
You didn't know any spells.
Your spell library was empty.

Dungeon Overview and Level Annotations

Branches:
Dungeon (2/15)

Altars:

Shops:
D:2 (

Annotations:
D:2 Natasha


Message History

The ball python is heavily wounded.
The ball python closely misses you. The ball python constricts you.
The kobold hits you but does no damage.
The crimson imp blinks!
You hit the ball python but do no damage.
The ball python looks as sick as possible!
The ball python is severely wounded.
You kill the ball python!
The kobold closely misses you.
You hit the kobold.
You kill the kobold!
You closely miss Natasha. Natasha claws you!
Natasha mumbles some strange words.
You hit Natasha.
Natasha is poisoned.
Natasha is lightly wounded.
Natasha casts a spell at you. You resist with significant effort.
You miss Natasha.
Natasha is lightly wounded.
Natasha barely misses you.
You hit Natasha but do no damage.
Natasha is lightly wounded.
Natasha claws you!
You closely miss Natasha.
Natasha is lightly wounded.
Natasha completely misses you.
You hit Natasha but do no damage.
Natasha looks even sicker.
Natasha is lightly wounded.
Natasha claws you!
* * * LOW HITPOINT WARNING * * *
Natasha mumbles some strange words.
Natasha glows brightly for a moment.
The iron imp puffs mist at you. Natasha claws you.
* * * LOW HITPOINT WARNING * * *
It was a potion of berserk rage.
A red film seems to cover your vision as you go berserk!
You feel yourself moving faster!
You feel mighty!
The crimson imp disappears in a puff of smoke!
Natasha casts a spell at you. The magic dart hits you!
You die...

..$
#...........#
..#
##...#####.##
## #.# ###
##.## #.# #.#
... ... #.#
#.# #.##.##.#
#.# #.#
#.#.#.####.
#.# #.#
#.).)5.....
#.# #..
#.#########.#
###
#.ยง.5.h@....#
#############


You could see an iron imp (summoned) and Natasha (very poisoned).

Vanquished Creatures
  2 dart slugs (D:1)
  5 endoplasms (D:1)
  3 goblins
  5 hobgoblins (D:1)
  2 kobolds (D:2)
  A quokka (D:1)
  2 ball pythons
  A bat (D:1)
  3 rats (D:1)
24 creatures vanquished.

Vanquished Creatures (others)
  2 plants (D:1)
2 creatures vanquished.

Grand Total: 26 creatures vanquished

Notes
Turn   | Place    | Note
-------+----------+-------------------------------------------
     0 | D:1      | avis the Hill Orc Monk began the quest for the Orb.
     0 | D:1      | Reached XP level 1. HP: 19/19 MP: 1/1
   450 | D:1      | Reached XP level 2. HP: 27/27 MP: 2/2
   567 | D:1      | Reached skill level 1 in Armour
   781 | D:1      | Reached XP level 3. HP: 33/33 MP: 3/3
  1214 | D:2      | Found Kocewur's Antique Weapon Boutique.
  1316 | D:2      | Noticed Natasha
  1335 | D:2      | HP: 1/33 [Natasha (6)]
  1336 | D:2      | Killed from afar by Natasha

Illustrated notes

Levels and vault maps discovered:
D:1:      lightli_arrival_windingriver, layout_rooms, chequers_big_river
D:2:      layout_loops_ring, serial_shops, nicolae_shop_trees, uniq_natasha,
          uniq_jessica

Skill      XL: |  1  2 |
---------------+-------+-----
Armour         | 1 |  1.3
Fighting       | 4 |  4.0
Axes           | |  4.9
Dodging        | |  2.4
Stealth        | |  1.5

Action                   || total
-------------------------++-------
Melee: Hand axe          ||    30
       Dagger            ||    50
  Use: Potion            ||     1
 Stab: Sleeping          ||     2
Armor: Leather armour    ||    14
Dodge: Dodged            ||    37

Table legend: (Time is in decaauts)
 A = Elapsed time spent in this place.
 B = Non-inter-level travel time spent in this place.
 C = Inter-level travel time spent in this place.
 D = Time resting spent in this place.
 E = Time spent auto-exploring this place.
 F = Levels seen in this place.
 G = Mean time per level.
                   A        B        C        D        E       F      G
               +--------+--------+--------+--------+--------+-----+--------+
         Total |   1352 |   1321 |     31 |    576 |    490 |   2 |  676.0 |
       Dungeon |   1352 |   1321 |     31 |    576 |    490 |   2 |  676.0 |
               +--------+--------+--------+--------+--------+-----+--------+

Top non-repeatable levels by time:
     D:1: 1230 daAuts
     D:2: 121 daAuts
